 Dungeon Crawl Stone Soup version 0.20.1-1-g8b1a95d (webtiles) character file.

4284 digijack the Nimble (level 10, -5/46 HPs)
             Began as a Spriggan Skald on Nov 23, 2017.
             Was an Initiate of Sif Muna.
             Slain by a killer bee (6 damage)
             ... on level 7 of the Dungeon on Nov 24, 2017.
             The game lasted 00:50:50 (8357 turns).

digijack the Nimble (Spriggan Skald)                Turns: 8357, Time: 00:50:51

Health: -5/46      AC:  4    Str:  9    XL:     10   Next: 10%
Magic:  11/23      EV: 25    Int: 15    God:    Sif Muna [......]
Gold:   487        SH:  4    Dex: 15    Spells: 16/25 levels left

rFire    + . .     SeeInvis +   r - +4 dagger
rCold    . . .     Gourm    .   (shield restricted)
rNeg     . . .     Faith    .   b - +1 robe
rPois    .         Spirit   .   (helmet restricted)
rElec    .         Reflect  .   B - +0 cloak {MR+}
rCorr    .         Harm     .   (gloves unavailable)
MR       ++...                  (boots unavailable)
Stlth    ++++......             (no amulet)
Regen    0.2/turn               a - ring of protection from fire
MPRegen  0.2/turn               u - ring of flight

@: lethally poisoned (-5 -> -13), shrouded, infused, very quick
A: unfitting armour, large bone plates 1, see invisible, blink, clumsy 1,
herbivore 3, speed 3, slow metabolism 2
a: Blink, Renounce Religion, Evoke Flight


You were on level 7 of the Dungeon.
You worshipped Sif Muna.
Sif Muna was noncommittal.
You were not hungry.

You visited 2 branches of the dungeon, and saw 10 of its levels.

You collected 487 gold pieces.

Inventory:

Hand Weapons
 r - a +4 dagger (weapon)
Armour
 b - a +1 robe (worn)
 B - a +0 cloak of magic resistance (worn)
Jewellery
 a - a ring of protection from fire (left hand)
 e - an uncursed ring of positive energy
 l - an uncursed amulet of regeneration
 u - a ring of flight (right hand)
 w - an uncursed ring of resist corrosion
Scrolls
 k - 2 scrolls of magic mapping
 m - 4 scrolls of amnesia
 n - 6 scrolls of teleportation
 p - 6 scrolls of identify
 s - 2 scrolls of remove curse
 z - a scroll of fog
Potions
 g - a potion of curing
 i - 4 potions of haste
 t - a potion of berserk rage
 v - a potion of agility
 x - a potion of cancellation
Books
 A - a book of Battle

   Spells                             Type                      Level
   a - Infusion                       Charms                       1
   b - Shroud of Golubria             Charms/Translocation         2
   c - Song of Slaying                Charms                       2
   d - Spectral Weapon                Hexes/Charms                 3
   e - Regeneration                   Charms/Necromancy            3
Comestibles
 d - 4 bread rations
 f - 5 royal jellies
 h - 9 fruits


   Skills:
 - Level 1.5 Fighting
 + Level 7.6 Short Blades
 + Level 10.2 Dodging
 + Level 10.1 Stealth
 + Level 8.1 Spellcasting
 + Level 10.1 Charms


You had 16 spell levels left.
You knew the following spells:

 Your Spells              Type           Power        Failure   Level  Hunger
a - Infusion              Chrm           ####         1%          1    None
b - Shroud of Golubria    Chrm/Tloc      ###.......   2%          2    None
c - Spectral Weapon       Hex/Chrm       ###.....     4%          3    ##.....
d - Regeneration          Chrm/Necr      ###.......   4%          3    ##.....


Dungeon Overview and Level Annotations

Branches:
Dungeon (9/15)             Temple (1/1) D:7
   Lair: D:8-11         Orc: D:9-12

Altars:
Ashenzari
Cheibriados
Dithmenos
Elyvilon
Fedhas
Gozag
Kikubaaqudgha
Makhleb
Nemelex Xobeh
Qazlal
Ru
Sif Muna
Trog
Uskayaw
Vehumet
Yredelemnul


Innate Abilities, Weirdness & Mutations

You are very small and have problems with some larger weapons.
You are too small for most types of armour.
You have supernaturally acute eyesight. (SInv)
You are a herbivore.
You cover ground extremely quickly.
You need consume almost no food.
You are partially covered in large bone plates. (SH +4)
You can translocate small distances at will.
You are clumsy. (Dex -2)


Message History

The killer bee poisons you! The killer bee barely misses you.
You block the killer bee's attack. The killer bee completely misses you.
* * * LOW HITPOINT WARNING * * *
You feel sick. The killer bee stings you.
* * * LOW HITPOINT WARNING * * *
The killer bee completely misses you.
* * * LOW HITPOINT WARNING * * *
You feel sick. The killer bee completely misses you. The killer bee misses you.
Okay, then.
You blink.
You feel slightly more hungry.
* * * LOW HITPOINT WARNING * * *
You feel sick. The killer bee closely misses you.
You don't have enough health at the moment.
Casting: Shroud of Golubria
Confirm with . or Enter, or press ? or * to list all spells.
Space distorts slightly along a thin shroud covering your body.
* * * LOW HITPOINT WARNING * * *
You feel sick. The killer bee stings you.
You die...

.....#....#......#...'.....#.....
...#########.....#...#.....#.....
...#.......#.....#...#.....###[?#
...#.......'.....#####.......#..#
...........#.....#...'.......[...
..........<#.....#...#.......#...
###........#.....#...#.......#...
##.......#.....#...#.......##..
#........#....@########.....#'#
#........#...yy#......#.....#..
#........#....y#.....>#.....#..
#........#.....#......#.....#..
#........#.....'†.....#.....#..
##########.....########.....###
####### #######


You could see 3 killer bees.

Vanquished Creatures
  2 two-headed ogres
  Maurice (D:8)
  Joseph (D:7)
  A hippogriff (D:7)
  2 steam dragons (D:6)
  Duvessa (D:7)
  3 sky beasts
  3 ogres
  An ice beast (D:6)
  2 black bears (D:6)
  A centaur (D:6)
  2 bullfrogs
  Dowan (D:7)
  3 killer bees
  3 howler monkeys
  A crimson imp (D:5)
  A bullfrog zombie (D:9)
  A hound (D:7)
  An orc priest (D:3)
  Ijyb (D:4)
  3 worker ants
  3 orc wizards
  A hound skeleton (D:6)
  3 gnolls (D:6)
  9 adders
  An ooze (D:1)
  3 adder zombies
  An adder skeleton (D:4)
  3 worms
  5 leopard geckos
  20 orcs
  4 giant cockroaches
  6 goblins
  5 hobgoblins
  11 jackals
  4 kobolds
  A quokka (D:2)
  A ball python (D:2)
  A ball python skeleton (D:6)
  12 bats
  4 frilled lizards
  A giant cockroach zombie (D:6)
  7 rats
141 creatures vanquished.

Vanquished Creatures (others)
  2 fungi (D:6)
2 creatures vanquished.

Grand Total: 143 creatures vanquished

Notes
Turn   | Place    | Note
-------+----------+-------------------------------------------
     0 | D:1      | digijack the Spriggan Skald began the quest for the Orb.
     0 | D:1      | Reached XP level 1. HP: 10/10 MP: 5/5
    88 | D:1      | Reached XP level 2. HP: 9/14 MP: 0/6
  1002 | D:2      | Learned a level 2 spell: Shroud of Golubria
  1006 | D:2      | Reached XP level 3. HP: 18/18 MP: 0/8
  1147 | D:2      | Reached skill level 1 in Stealth
  1679 | D:2      | Reached skill level 5 in Charms
  1679 | D:2      | Reached XP level 4. HP: 20/22 MP: 5/9
  2041 | D:2      | Learned a level 3 spell: Spectral Weapon
  2045 | D:2      | Learned a level 3 spell: Regeneration
  2906 | D:3      | Found an opulent altar of Gozag.
  2971 | D:3      | Gained mutation: You have sharp fingernails. [potion of mutation]
  2971 | D:3      | Gained mutation: Your muscles are strong. (Str +2) [potion of mutation]
  3004 | D:3      | Reached XP level 5. HP: 20/25 MP: 3/11
  3006 | D:3      | Reached skill level 5 in Dodging
  3482 | D:4      | Found a blossoming altar of Fedhas.
  3624 | D:4      | Noticed Ijyb
  3646 | D:4      | Killed Ijyb
  3876 | D:4      | Lost mutation: Your muscles are strong. (Str +2) [potion of mutation]
  3876 | D:4      | Lost mutation: You have sharp fingernails. [potion of mutation]
  3876 | D:4      | Gained mutation: You are clumsy. (Dex -2) [potion of mutation]
  3876 | D:4      | Gained mutation: You are partially covered in large bone plates. (SH +4) [potion of mutation]
  3876 | D:4      | Gained mutation: You can translocate small distances at will. [potion of mutation]
  4253 | D:4      | Reached XP level 6. HP: 25/30 MP: 5/13
  4576 | D:5      | Entered Level 5 of the Dungeon
  5182 | D:6      | Noticed an ice beast
  5197 | D:6      | Killed an ice beast
  5348 | D:6      | Noticed a steam dragon
  5350 | D:6      | Noticed a steam dragon
  5379 | D:6      | Killed a steam dragon
  5379 | D:6      | Reached skill level 5 in Stealth
  5379 | D:6      | Reached XP level 7. HP: 21/33 MP: 4/14
  5382 | D:6      | Killed a steam dragon
  5560 | D:6      | Reached skill level 5 in Spellcasting
  5597 | D:6      | Noticed a two-headed ogre
  5673 | D:6      | Killed a two-headed ogre
  5673 | D:6      | Reached skill level 5 in Short Blades
  5673 | D:6      | Reached XP level 8. HP: 17/37 MP: 1/17
  5867 | D:6      | Found a snail-covered altar of Cheibriados.
  6221 | D:6      | Reached XP level 9. HP: 21/41 MP: 13/20
  6565 | D:6      | You fall through a shaft for 3 floors!
  6752 | D:9      | Noticed a two-headed ogre
  6772 | D:9      | Killed a two-headed ogre
  7068 | D:8      | Noticed Maurice
  7094 | D:8      | Killed Maurice
  7514 | D:7      | Noticed Duvessa
  7516 | D:7      | Noticed Dowan
  7541 | D:7      | Killed Duvessa
  7560 | D:7      | Killed Dowan
  7766 | D:7      | Found a staircase to the Ecumenical Temple.
  7775 | Temple   | Entered the Ecumenical Temple
  7901 | Temple   | Became a worshipper of Sif Muna the Loreminder
  7974 | D:7      | Noticed Joseph
  7981 | D:7      | Killed Joseph
  7981 | D:7      | Reached skill level 10 in Dodging
  7981 | D:7      | Reached skill level 10 in Stealth
  7981 | D:7      | Reached skill level 10 in Charms
  7981 | D:7      | Reached XP level 10. HP: 46/46 MP: 17/23
  8356 | D:7      | HP: 2/46 [poisoned by a killer bee]
  8357 | D:7      | Slain by a killer bee

Skill      XL: |  1  2  3  4  5  6  7  8  9 |
---------------+----------------------------+-----
Dodging        | 4 5 6 7 8 10 | 10.2
Stealth        | 1 2 3 5 7 8 10 | 10.1
Spellcasting   | 3 4 5 6 8 |  8.1
Short Blades   | 3 4 5 6 7 |  7.6
Charms         | 5 6 7 8 10 | 10.1
Fighting       | |  1.5

Action                   |  1- 3 |  4- 6 |  7- 9 | 10-12 || total
-------------------------+-------+-------+-------+-------++-------
Melee: Short sword       |   102 |   167 |       |       ||   269
       Dagger            |       |   110 |   219 |    34 ||   363
 Cast: Infusion          |    12 |    19 |    20 |     3 ||    54
       Shroud of Golubri |     1 |     7 |     9 |     4 ||    21
       Spectral Weapon   |       |     3 |     1 |       ||     4
       Regeneration      |       |     4 |     4 |       ||     8
 Abil: Blink             |       |     3 |     2 |     1 ||     6
       Evoke Flight      |       |       |     1 |       ||     1
Evoke: Wand              |       |     4 |     2 |       ||     6
  Use: Potion            |     2 |     3 |     2 |     3 ||    10
       Scroll            |     6 |    11 |     2 |       ||    19
 Stab: Sleeping          |     2 |     7 |     3 |     5 ||    17
  Eat: Bread ration      |       |     1 |       |       ||     1
       Fruit             |       |       |     2 |       ||     2
Armor: Robe              |    13 |    14 |     5 |     1 ||    33
Dodge: Dodged            |    97 |   181 |   135 |    34 ||   447
Block: Other             |       |     8 |    25 |     7 ||    40
